 Dungeon Crawl Stone Soup version 0.22-a0-467-g5c5de1c (webtiles) character file.

211 saradell the Ruffian (level 5, -5/44 (46) HPs)
             Began as a Ghoul Monk on June 10, 2018.
             Slain by an ogre
             ... wielding a +0 giant club
              (23 damage)
             ... on level 4 of the Dungeon.
             The game lasted 00:43:59 (3479 turns).

saradell the Ruffian (Ghoul Monk)                   Turns: 3479, Time: 00:44:00

HP:   -5/44 (46)    AC:  4    Str: 16    XL:     5   Next: 88%
MP:   4/4           EV: 13    Int:  5    God:
Gold: 102           SH:  0    Dex: 11    Spells: 4/4 levels left

rFire    . . .     SeeInvis .   w - +2 dagger (elec)
rCold    + . .     Gourm    .   (no shield)
rNeg     + + +     Faith    .   u - +1 leather armour {rN+}
rPois    ∞         Spirit   .   (no helmet)
rElec    .         Reflect  .   (no cloak)
rCorr    .         Harm     .   (no gloves)
MR       .....                  (no boots)
Stlth    ++........             (no amulet)
HPRegen  0.00/turn              (no ring)
MPRegen  0.09/turn              (no ring)

@: rotting
A: rotting body, claws 1, carnivore, cold resistance 1, negative energy
resistance 3, inhibited regeneration, torment resistance, unbreathing
a: no special abilities


You were on level 4 of the Dungeon.
You were not hungry.

You visited 1 branch of the dungeon, and saw 4 of its levels.

You collected 102 gold pieces.

Inventory:

Hand Weapons
 a - a +0 club
 h - a +0 whip
 r - a +0 club
 s - a +0 hunting sling
 w - a +2 dagger of electrocution (weapon)
 y - a +0 whip
Missiles
 l - 52 stones (quivered)
Armour
 f - a +0 helmet
 u - a +1 leather armour of positive energy (worn)
Jewellery
 j - an uncursed ring of positive energy {unknown}
 D - a +5 ring of dexterity {unknown}
Scrolls
 c - a scroll of remove curse {unknown}
 d - a scroll of magic mapping
 g - a scroll of immolation {unknown}
 i - a scroll of amnesia {unknown}
 k - a scroll of fog {unknown}
 n - a scroll of identify
 o - 4 scrolls of teleportation
 p - a scroll of fear {unknown}
 q - 2 scrolls of blinking
Potions
 e - a potion of heal wounds
 m - a potion of flight
 t - a potion of cancellation {unknown}
 v - a potion of curing
 x - a potion of resistance {unknown}
 z - a potion of magic {unknown}
 A - a potion of degeneration {unknown}
 B - a potion of lignification {unknown}
 C - a potion of brilliance {unknown}
Comestibles
 b - a ration


   Skills:
 + Level 4.0 Fighting
 + Level 0.6 Armour
 + Level 3.8 Dodging
 + Level 2.7 Stealth
 + Level 5.3 Unarmed Combat


You had 4 spell levels left.
You didn't know any spells.
Your spell library was empty.

Dungeon Overview and Level Annotations

Branches:
Dungeon (4/15)
 Temple: D:4-7

Altars:
Cheibriados
Elyvilon
Fedhas
Nemelex Xobeh
Qazlal
Sif Muna
Vehumet
Wu Jian

Annotations:
D:4 gruber's ghost, amateur KoBe


Innate Abilities, Weirdness & Mutations

Your body is rotting away.
You thrive on raw meat.
You are immune to poison.
You have sharp fingernails.
You are carnivorous and can eat meat at any time.
Your flesh is cold resistant. (rC+)
You are immune to negative energy. (rN+++)
You do not regenerate when monsters are visible.
You are immune to unholy pain and torment.
You can survive without breathing.


Message History

Found a tubular cabochon ring.
Found a stone staircase leading up.
Found an escape hatch in the ceiling.
An ogre comes into view. It is wielding a giant club.
The ogre shouts!
You see here a tubular cabochon ring.
D - a tubular cabochon ring The ogre is too close now for your liking.
Found 2 scrolls of blinking.
The ogre barely misses you.
You hit the ogre.
The ogre is lightly wounded.
You hit the ogre but do no damage.
The ogre is lightly wounded.
The ogre misses you.
You hit the ogre. Lightning courses through the ogre!
The ogre is almost dead.
The ogre hits you with a giant club!!
Ouch! That really hurt!
You die...

.... ... ..... ... ..?..
... .....##.# #......
....#.# ....... ....#
#...... #..# #.WO... #..#
....... ##@#
.......######O######
........#....W.....#
....#.#W.........#
....#............######
........................
....<.................
..................... . .
.<...###..........###...#


You could see an ogre and gruber's ghost.

Vanquished Creatures
  A crimson imp (D:2)
  Jessica (D:3)
  A worker ant (D:3)
  3 adders
  An adder skeleton (D:4)
  A worm (D:2)
  2 dart slugs (D:2)
  4 leopard geckos
  An orc (D:3)
  A ball python (D:1)
  6 bats
  7 giant cockroaches
  11 goblins
  10 hobgoblins
  8 jackals (D:1)
  2 frilled lizards
  10 kobolds
  7 rats
77 creatures vanquished.

Notes
Turn   | Place    | Note
-------+----------+-------------------------------------------
     0 | D:1      | saradell the Ghoul Monk began the quest for the Orb.
     0 | D:1      | Reached XP level 1. HP: 19/19 MP: 0/0
   173 | D:1      | Reached XP level 2. HP: 18/26 MP: 1/1
   237 | D:1      | Reached XP level 3. HP: 6/33 MP: 2/2
  1286 | D:1      | Reached skill level 4 in Unarmed Combat
  1392 | D:2      | Found a radiant altar of Vehumet.
  1427 | D:2      | Reached XP level 4. HP: 35/40 MP: 3/3
  1704 | D:2      | Found a snail-covered altar of Cheibriados.
  1849 | D:2      | Reached XP level 5. HP: 10/43 MP: 4/4
  1895 | D:2      | Found an ornate altar of the Wu Jian Council.
  2152 | D:2      | Found a faded altar of an unknown god.
  2274 | D:2      | Found a blossoming altar of Fedhas.
  2511 | D:2      | Found a stormy altar of Qazlal.
  2521 | D:2      | Found a white marble altar of Elyvilon.
  2565 | D:2      | Found a sparkling altar of Nemelex Xobeh.
  2763 | D:3      | Found a deep blue altar of Sif Muna.
  3023 | D:3      | Noticed Jessica
  3126 | D:3      | Killed Jessica
  3126 | D:3      | Reached skill level 5 in Unarmed Combat
  3162 | D:4      | Noticed gruber's ghost (amateur KoBe)
  3463 | D:4      | Noticed an ogre
  3479 | D:4      | Slain by an ogre

Vault maps used:
D:1:      elethiomel_arrival_shortcut
D:2:      vehumet_crystals, kennysheep_slug_shrine,
          nicolae_overflow_quartered_altars, lemuel_doored_altar,
          chequers_ecumenical_altar_simple_redux, serial_glass, glass_columns_c,
          glass_columns_a, minmay_misc_feat_doors
D:3:      lemuel_round_altar, uniq_jessica
D:4:      old_standard_altar, minmay_temple_entry_poolview

Skill      XL: |  1  2  3  4  5 |
---------------+----------------+-----
Dodging        | 3 |  3.8
Unarmed Combat | 4 5 |  5.3
Fighting       | 4 |  4.0
Armour         | |  0.6
Stealth        | |  2.7

Action                   |  1- 3 |  4- 6 || total
-------------------------+-------+-------++-------
Melee: Unarmed           |   125 |    82 ||   207
       Punch             |     2 |     1 ||     3
       Dagger            |       |    26 ||    26
  Use: Scroll            |     2 |     4 ||     6
       Potion            |     1 |     2 ||     3
 Stab: Sleeping          |       |     2 ||     2
  Eat: Ration            |     1 |     4 ||     5
Armor: Robe              |    14 |    14 ||    28
       Leather armour    |       |    10 ||    10
Dodge: Dodged            |    76 |    72 ||   148

Table legend:
 A = Spawn XP
 B = Non-spawn XP
 C = Spawn XP percentage of total XP
 D = Spawn monster count
 E = Non-spawn monster count
 F = Spawn count percentage of total count
 G = Total turns spent on level
                    A         B        C        D         E        F      G
               +---------+---------+-------+---------+---------+-------+---------
         Total |       0 |     302 |   0.0 |       0 |      77 |   0.0 |  3479
               +---------+---------+-------+---------+---------+-------+---------
           D:1 |       0 |      74 |   0.0 |       0 |      38 |   0.0 |  1475
           D:2 |       0 |     118 |   0.0 |       0 |      23 |   0.0 |  1170
           D:3 |       0 |     105 |   0.0 |       0 |      15 |   0.0 |   786
           D:4 |       0 |       5 |   0.0 |       0 |       1 |   0.0 |    48
               +---------+---------+-------+---------+---------+-------+---------
